AoeStats
← Vinnyloot

Black Forest

510355411Analyzed
2v2 RM · 2d ago on Sep 30, 2026· 60m 56s· 4 players
Game mode
Random Map
Map size
Medium (4 player)
Population
200
Speed
Normal
Resources
Standard
Victory
Conquest
Starting age
Dark Age
Ending age
Imperial Age
RankedLock teamsTeams togetherTeam positionsShared explorationLock speedFull tech treeHidden civsTurbo modeCheats
Victory
Defeat
🇮🇹 Celts · Italy
793
+17
🇷🇺 Romans · Russia
785
+18
🇨🇳 Saxons · China
824
-17
🇨🇦 Wei · Canada
822
-18
BigSmoke
1:23 Loom
12:59 Feudal Age
14:12 Horse Collar
14:19 Double-Bit Axe
16:12 Wheelbarrow
16:31 Fletching
21:32 Castle Age
21:19 Man-at-Arms
22:45 Heavy Plow
23:08 Bow Saw
23:17 Stone Mining
23:42 Long Swordsman
25:32 Fortified Wall
26:42 Masonry
27:23 Ballistics
28:05 Gold Mining
28:52 Bodkin Arrow
30:32 Squires
33:44 Hand Cart
33:16 Town Watch
34:16 Scale Mail Armor
35:12 Town Patrol
35:59 Caravan
39:39 Imperial Age
37:53 Forging
37:59 Chain Mail Armor
37:45 Padded Archer Armor
39:28 Ballistas
40:01 Iron Casting
40:19 Murder Holes
41:33 Guilds
41:54 Conscription
43:35 Chemistry
42:41 Siege Engineers
43:07 Architecture
43:43 Blast Furnace
42:49 Scale Barding Armor
43:50 Gold Shaft Mining
44:19 Leather Archer Armor
44:54 Elite Centurion
46:03 Heavy Scorpion
48:59 Comitatenses
48:11 Sappers
49:07 Chain Barding Armor
48:36 Legionary
50:55 Ring Archer Armor
51:00 Plate Barding Armor
51:29 Pikeman
59:56 Halberdier
60:47 Guard Tower
Fede_MvK
0:31 Loom
15:10 Feudal Age
15:39 Double-Bit Axe
15:36 Horse Collar
22:59 Castle Age
24:50 Bow Saw
27:19 Heavy Plow
30:13 Gold Mining
30:13 Stone Mining
33:55 Wheelbarrow
36:56 Imperial Age
34:20 Fishing Lines
35:32 Gold Shaft Mining
34:58 Pikeman
36:08 Hand Cart
36:41 Caravan
37:07 Elite Woad Raider
37:47 Onager
38:58 Conscription
38:30 Halberdier
39:32 Fortified Wall
39:32 Heavy Scorpion
41:42 Forging
41:33 Scale Mail Armor
41:58 Town Watch
42:58 Iron Casting
42:04 Light Cavalry
52:10 Furor Celtica
52:45 Furor Celtica
54:49 Siege Onager
56:22 Hussar
Vinnyloot
9:57 Feudal Age
11:26 Horse Collar
11:53 Double-Bit Axe
20:43 Castle Age
20:45 Gold Mining
20:48 Stone Mining
21:37 Bow Saw
21:29 Heavy Plow
21:46 Caravan
22:29 Town Watch
23:20 Wheelbarrow
22:39 Pikeman
24:36 Gold Shaft Mining
25:08 Stone Shaft Mining
27:00 Wheelbarrow
27:00 Loom
27:30 Squires
31:06 Hand Cart
32:39 Bloodlines
32:29 Husbandry
33:05 Scale Barding Armor
32:53 Fletching
34:00 Tuntian
36:57 Imperial Age
35:23 Town Patrol
36:26 Forging
36:36 Chain Barding Armor
36:18 Padded Archer Armor
38:18 Parthian Tactics
37:59 Thumb Ring
37:30 Halberdier
39:16 Onager
40:23 Scale Mail Armor
40:39 Leather Archer Armor
43:14 Chain Mail Armor
43:30 Ring Archer Armor
43:35 Iron Casting
42:56 Bodkin Arrow
45:54 Conscription
46:10 Hoardings
46:57 Ballistics
50:32 Ming Guang Armor
53:22 Bracer
54:24 Blast Furnace
54:43 Murder Holes
54:58 Fortified Wall
大哈巴犬
0:28 Loom
10:56 Feudal Age
11:10 Man-at-Arms
19:33 Castle Age
18:07 Double-Bit Axe
18:05 Horse Collar
27:08 Heavy Plow
29:58 Bow Saw
32:46 Wheelbarrow
35:00 Imperial Age
33:21 Thumb Ring
33:21 Husbandry
33:32 Bloodlines
34:29 Fletching
36:04 Conscription
36:32 Conscription
Connection lost

Rejoining the realm…

Still unreachable

The connection could not be restored.

Session expired

The server has moved on; the page needs a fresh start.